 Dungeon Crawl Stone Soup version 0.23.2 (webtiles) character file.

Game seed: 11105626690431163410

273 Kairos the Skirmisher (level 6, 0/48 HPs)
             Began as a Formicid Abyssal Knight on Apr 12, 2019.
             Was a Priest of Lugonu.
             Slain by Blork the orc
             ... wielding a +0 flail
              (4 damage)
             ... on level 5 of the Dungeon.
             The game lasted 00:06:00 (4615 turns).

Kairos the Skirmisher (Formicid Abyssal Knight)     Turns: 4615, Time: 00:06:00

Health: 0/48       AC:  9    Str: 19    XL:     6   Next: 48%
Magic:  7/7        EV: 11    Int: 11    God:    Lugonu [***...]
Gold:   331        SH:  3    Dex: 10    Spells: 5/5 levels left

rFire    . . .     SeeInvis +   o - +0 quarterstaff
rCold    . . .     Gourm    .   (no shield)
rNeg     . . .     Faith    .   l - +0 ring mail
rPois    .         Spirit   .   (helmet unavailable)
rElec    .         Reflect  +   (no cloak)
rCorr    .         Harm     .   f - +2 pair of gloves
MR       .....                  (no boots)
Stlth    +.........             h - +3 amulet of reflection
HPRegen  0.16/turn              p - ring of teleportation (curse)
MPRegen  0.10/turn              (no ring)

@: no status effects
A: permanent stasis, dig shafts and tunnels, four strong arms, antennae 3
a: Dig, Shaft Self, Depart the Abyss, Bend Space, Banish, Renounce Religion


You were on level 5 of the Dungeon.
You worshipped Lugonu.
Lugonu was most pleased with you.
You were very hungry.

You visited 1 branch of the dungeon, and saw 5 of its levels.
You visited the Abyss 1 time.

You collected 331 gold pieces.

Inventory:

Hand Weapons
 a - a +2 spear
 m - a +0 halberd
 o - a +0 quarterstaff (weapon)
Armour
 b - a +1 leather armour
 f - a +2 pair of gloves (worn)
 l - a +0 ring mail (worn)
Jewellery
 h - a +3 amulet of reflection (around neck)
 p - a cursed ring of teleportation (left hand)
 q - an uncursed ring of fire
Scrolls
 e - a scroll of remove curse
 i - 3 scrolls of identify
 j - a scroll of amnesia
 k - a scroll of immolation
 s - a scroll of teleportation {unknown}
Potions
 d - 3 potions of agility
 g - 3 potions of curing
 n - a potion of haste {unknown}
Comestibles
 c - 6 rations


   Skills:
 + Level 4.2 Fighting
 + Level 3.7(3.9) Polearms
 + Level 1.0(2.5) Staves
 + Level 3.7 Armour
 + Level 1.4 Dodging
 + Level 3.1 Stealth
 + Level 2.4 Invocations


You had 5 spell levels left.
You didn't know any spells.
Your spell library contained the following spells:

 Spells                   Type           Power        Failure   Level  Hunger
 Magic Dart               Conj           #...         52%         1    ##.....
 Call Imp                 Summ           #.......     65%         2    ###....
 Slow                     Hex            #.......     65%         2    ###....
 Conjure Flame            Conj/Fire      #.......     87%         3    ####...
 Mephitic Cloud           Conj/Pois/Air  #.......     87%         3    ####...
 Blink                    Tloc           Unusable     N/A         2    N/A

Dungeon Overview and Level Annotations

Branches:
Dungeon (5/15)
 Temple: D:4-7

Altars:
Elyvilon
Fedhas
Sif Muna
Zin

Annotations:
D:5 4 runed translucent doors, Blork the orc


Innate Abilities, Weirdness & Mutations

You cannot be hasted, slowed, berserked, paralysed or teleported.
You can dig through walls and to a lower floor.
Your four strong arms can wield two-handed weapons with a shield.
You have a pair of large antennae on your head. (SInv)


Message History

Blork the orc screams, "I'm going to kill you!"
Blork the orc points at you and mumbles some strange words.
The puff of frost hits you!
* * * LOW HITPOINT WARNING * * *
Blork the orc hits you but does no damage.
You barely miss Blork the orc.
Blork the orc is lightly wounded.
Blork the orc hits you with a +0 flail!
* * * LOW HITPOINT WARNING * * *
Blork the orc hits you with a +0 flail.
* * * LOW HITPOINT WARNING * * *
Unknown command.
You barely miss Blork the orc.
Blork the orc is lightly wounded.
Blork the orc hits you but does no damage.
Unknown command.
You hit Blork the orc but do no damage.
Blork the orc is lightly wounded.
Blork the orc barely misses you. Blork the orc hits you with a +0 flail.
You die...

{#....)......#.#
.#.........#.#
#......[..#.#
+.........#.#
#...........#
#.........###
#.........#
######.#### #@#
########o######
..............#
..............#
...............#
...............#
....###.#.###..#
.... #.#.# ..#
.(. #.#.# .#


You could see Blork the orc (invisible).

Vanquished Creatures
  A scorpion (D:5)
  A hound (D:5)
  2 worker ants
  3 gnolls (D:4)
  3 adders
  An adder skeleton (D:3)
  2 worms
  3 dart slugs
  A leopard gecko (D:4)
  3 orcs
  10 bats
  2 giant cockroaches
  8 goblins
  10 hobgoblins
  8 jackals
  7 kobolds
  2 quokkas
  A ball python (D:2)
  3 frilled lizards
  6 rats
77 creatures vanquished.

Notes
Turn   | Place    | Note
-------+----------+-------------------------------------------
     0 | Abyss:1  | Kairos the Formicid Abyssal Knight began the quest for the
                  | Orb.
     0 | Abyss:1  | Reached XP level 1. HP: 18/18 MP: 2/2
    49 | Abyss:1  | Noticed a spatial vortex
    60 | Abyss:1  | Noticed a neqoxec
    68 | Abyss:1  | Noticed a spatial vortex
    76 | Abyss:1  | Noticed a large abomination
    79 | Abyss:1  | Noticed a large abomination
    80 | Abyss:1  | Noticed a ynoxinul
    81 | Abyss:1  | Noticed an iron imp
    85 | Abyss:1  | Noticed a smoke demon
    87 | Abyss:1  | Noticed a starcursed mass
   124 | Abyss:1  | Noticed an orange demon
   130 | D:1      | Escaped the Abyss
   751 | D:1      | Reached skill level 1 in Stealth
   756 | D:1      | Reached * piety under Lugonu
   756 | D:1      | Reached XP level 2. HP: 14/24 MP: 3/3
  1075 | D:1      | Reached skill level 1 in Dodging
  1464 | D:1      | Reached XP level 3. HP: 29/30 MP: 4/4
  1683 | D:2      | Reached XP level 4. HP: 20/37 MP: 5/5
  2035 | D:2      | Found a deep blue altar of Sif Muna.
  2036 | D:2      | Found a blossoming altar of Fedhas.
  2140 | D:2      | Noticed an ice beast
  2379 | D:2      | Found a faded altar of an unknown god.
  2605 | D:3      | Reached ** piety under Lugonu
  2759 | D:3      | Found a white marble altar of Elyvilon.
  3685 | D:4      | Reached XP level 5. HP: 42/42 MP: 6/6
  4188 | D:4      | Found a glowing silver altar of Zin.
  4365 | D:5      | Entered Level 5 of the Dungeon
  4416 | D:5      | Reached skill level 4 in Fighting
  4416 | D:5      | Reached XP level 6. HP: 42/48 MP: 7/7
  4426 | D:5      | Found a large runed translucent door.
  4426 | D:5      | Found a large runed translucent door.
  4429 | D:5      | Noticed an orc warrior
  4431 | D:5      | Reached *** piety under Lugonu
  4439 | D:5      | Found a large runed translucent door.
  4439 | D:5      | Found a large runed translucent door.
  4599 | D:5      | Noticed Blork the orc
  4609 | D:5      | Reached skill level 1 in Staves
  4615 | D:5      | Slain by Blork the orc

Skill      XL: |  1  2  3  4  5  6 |
---------------+-------------------+-----
Stealth        | 1 2 3 |  3.1
Dodging        | 1 |  1.4
Armour         | 3 |  3.7
Polearms       | 3 |  3.7
Fighting       | 4 |  4.2
Staves         | 1 |  1.0
Invocations    | |  2.4

Action                   |  1- 3 |  4- 6 || total
-------------------------+-------+-------++-------
Melee: Spear             |    89 |   156 ||   245
       Quarterstaff      |       |    39 ||    39
Invok: Depart the Abyss  |     1 |       ||     1
 Abil: Dig               |    11 |     1 ||    12
  Use: Scroll            |     3 |     6 ||     9
       Potion            |       |     2 ||     2
 Stab: Sleeping          |     5 |     1 ||     6
  Eat: Chunk             |     3 |     8 ||    11
Armor: Leather armour    |    22 |       ||    22
       Ring mail         |     1 |    71 ||    72
Dodge: Dodged            |    37 |    77 ||   114
Block: Other             |     2 |    17 ||    19
